 Dungeon Crawl Stone Soup version 0.23.2-33-g5129a83184 (webtiles) character file.

Game seed: 16086064453918348916

82451 Atelerd the Destroyer (level 15, -7/90 (92) HPs)
             Began as an Octopode Wizard on July 19, 2019.
             Was an Elder of Sif Muna.
             Engulfed by a death drake (shapeshifter)'s foul pestilence (16 damage)
             ... on level 15 of the Dungeon.
             The game lasted 01:53:27 (40165 turns).

Atelerd the Destroyer (Octopode Wizard)            Turns: 40165, Time: 01:53:27

HP:   -7/90 (92)    AC:  1    Str:  7    XL:     15   Next: 73%
MP:   1/40          EV: 13    Int: 24    God:    Sif Muna [****..]
Gold: 995           SH:  7    Dex: 14    Spells: 6/38 levels left

rFire    + . .     SeeInvis .   i - +9 falchion of Slow Death {protect, Stlth+}
rCold    + . .     Gourm    +   S - +2 buckler
rNeg     + + .     Faith    .   a - +0 hat
rPois    +         Spirit   .   t - amulet of the gourmand
rElec    .         Reflect  .   D - ring of magical power
rCorr    .         Harm     .   e - ring of positive energy
MR       +....                  E - ring of protection from fire
Stlth    +++++.....             H - ring of stealth
HPRegen  0.00/turn              I - ring of poison resistance
MPRegen  0.27/turn              M - ring of protection from cold
                                T - +3 ring of dexterity
                                W - ring of positive energy

@: lethally poisoned (-7 -> -44), non-regenerating, badly diseased, slowed, no
casting, very slow
A: almost no armour, stealthy swim, amphibious, 8 rings, constrict 8, camouflage
1, dopey 1, gelatinous body 1
a: Stop Divine Energy, Channel Magic, Forget Spell, Renounce Religion


You were on level 15 of the Dungeon.
You worshipped Sif Muna.
Sif Muna was greatly pleased with you.
You were not hungry.

You visited 4 branches of the dungeon, and saw 24 of its levels.
You also visited: Ossuary.

You collected 2365 gold pieces.
You spent 1370 gold pieces at shops.

Inventory:

Hand Weapons
 i - the +9 falchion of Slow Death (weapon) {protect, Stlth+}
   (You found it on level 6 of the Lair of Beasts)

   It protects the one who uses it against injury (+AC on strike).
   It makes you more stealthy.
 V - the +5 scythe of Mayhem {elec, Int+8}
   (You bought it in a shop on level 5 of the Dungeon)

   Occasionally, upon striking a foe, it will discharge some electrical energy
   and cause terrible harm.
   It affects your intelligence (+8).
 X - the +8 scythe of Sukheach {flame, rF+ Str+3}
   (You bought it in a shop on level 8 of the Dungeon)

   It has been specially enchanted to burn those struck by it, causing extra
   injury to most foes and up to half again as much damage against particularly
   susceptible opponents.
   Big, fiery blades are also staple armaments of hydra-hunters.
   It affects your strength (+3).
   It protects you from fire.
 Z - the +6 shortbow of the Foot {speed, rElec Dex+5}
   (You bought it in a shop on level 5 of the Dungeon)

   Attacks with this weapon are significantly faster.
   It affects your dexterity (+5).
   It insulates you from electricity.
Armour
 a - a +0 hat (worn)
 S - a +2 buckler (worn)
Jewellery
 e - a ring of positive energy (right tentacle)
 t - an amulet of the gourmand (around mantle)
 D - a ring of magical power (left tentacle)
 E - a ring of protection from fire (on tentacle)
 H - a ring of stealth (on tentacle)
 I - a ring of poison resistance (on tentacle)
 M - a ring of protection from cold (on tentacle)
 T - a +3 ring of dexterity (on tentacle)
 W - a ring of positive energy (on tentacle)
Wands
 o - a wand of enslavement (9)
 w - a wand of disintegration (15)
 y - a wand of iceblast (24)
 C - a wand of random effects (30)
 F - a wand of polymorph (15)
 O - a wand of scattershot (4)
 P - a wand of acid (4)
Scrolls
 f - 6 scrolls of magic mapping
 g - a scroll of holy word {unknown}
 j - 2 scrolls of fear
 k - 2 scrolls of fog
 l - 7 scrolls of teleportation
 r - 10 scrolls of remove curse
 u - 4 scrolls of enchant armour
 v - a scroll of identify
 A - 9 scrolls of random uselessness
 B - 3 scrolls of immolation
 L - a scroll of brand weapon
 R - a scroll of vulnerability {unknown}
 U - a scroll of summoning
Potions
 b - 2 potions of ambrosia
 d - 8 potions of curing
 h - a potion of invisibility {unknown}
 m - 6 potions of agility
 n - 4 potions of lignification
 p - 7 potions of mutation
 q - 2 potions of magic
 s - 5 potions of flight
 x - 2 potions of heal wounds
 z - 2 potions of cancellation
 G - 6 potions of brilliance
 J - 3 potions of haste
 N - 2 potions of resistance
 Q - a potion of berserk rage
Comestibles
 c - 15 rations


   Skills:
 - Level 5.0 Fighting
 - Level 2.0 Dodging
 - Level 3.1 Stealth
 - Level 4.0 Shields
 + Level 12.0 Spellcasting
 - Level 14.0 Conjurations
 - Level 8.0 Hexes
   Level 1.0 Summonings
 - Level 1.0 Translocations
 * Level 11.2 Ice Magic
 * Level 11.1 Air Magic
 - Level 5.0 Earth Magic
 - Level 5.2 Invocations


You had 6 spell levels left.
You knew the following spells:

 Your Spells              Type           Power        Failure   Level  Hunger
a - Iron Shot             Conj/Erth      ######....   13%         6    #####..
b - Mephitic Cloud        Conj/Pois/Air  ######..     1%          3    None
c - Blink                 Tloc           N/A          4%          2    None
d - Fireball              Conj/Fire      #####.....   7%          5    ###....
f - Confuse               Hex            ######..     1%          3    None
g - Orb of Destruction    Conj           ######....   12%         7    ######.
h - Freezing Cloud        Conj/Ice/Air   ######....   4%          6    #####..

Your spell library contained the following spells:

 Spells                   Type           Power        Failure   Level  Hunger
 Magic Dart               Conj           ####         0%          1    None
 Confusing Touch          Hex            ######       1%          1    None
 Corona                   Hex            ######.      1%          1    None
 Flame Tongue             Conj/Fire      #####        1%          1    None
 Shock                    Conj/Air       ####         1%          1    None
 Sting                    Conj/Pois      ####         1%          1    None
 Ensorcelled Hibernation  Hex/Ice        ######       1%          2    None
 Searing Ray              Conj           ######       1%          2    None
 Slow                     Hex            ######..     1%          2    None
 Throw Flame              Conj/Fire      #####.       1%          2    None
 Conjure Flame            Conj/Fire      #####...     1%          3    None
 Dazzling Spray           Conj/Hex       ######       1%          3    None
 Tukima's Dance           Hex            ######..     1%          3    None
 Passwall                 Tmut/Erth      ####....     2%          2    None
 Metabolic Englaciation   Hex/Ice        ######....   2%          5    ###....
 Silence                  Hex/Air        ######....   2%          5    ###....
 Summon Lightning Spire   Summ/Air       #####...     3%          4    None
 Bolt of Cold             Conj/Ice       ######....   3%          6    #####..
 Conjure Ball Lightning   Conj/Air       ######....   3%          6    #####..
 Call Imp                 Summ           ###.....     4%          2    None
 Ice Form                 Ice/Tmut       #####...     4%          4    None
 Sticks to Snakes         Tmut           ##......     6%          2    None
 Bolt of Draining         Conj/Necr      #####.....   7%          5    ###....
 Irradiate                Conj/Tmut      #####.....   7%          5    ###....
 Iskenderun's Battlesphe  Conj/Chrm      #####...     7%          5    ###....
 Venom Bolt               Conj/Pois      #####.....   7%          5    ###....
 Ozocubu's Refrigeration  Ice            ######....   7%          6    #####..
 Gell's Gravitas          Tloc           ###.......   9%          3    None
 Recall                   Summ/Tloc      N/A          9%          3    None
 Bolt of Magma            Conj/Fire/Erth #####.....   9%          5    ###....
 Petrify                  Tmut/Erth      ####....     16%         4    None
 Yara's Violent Unravell  Hex/Tmut       ####......   22%         5    ###....
 Darkness                 Hex            ######....   24%         6    #####..
 Bolt of Fire             Conj/Fire      #####.....   36%         6    #####..
 Borgnjor's Vile Clutch   Necr/Erth      ####......   38%         5    ###....
 Deflect Missiles         Chrm/Air       #####.....   54%         6    #####..
 Simulacrum               Ice/Necr       #####.....   54%         6    #####..
 Alistair's Intoxication  Tmut/Pois      ##......     75%         5    ###....
 Blade Hands              Tmut           ##........   75%         5    ###....
 Excruciating Wounds      Chrm/Necr      ##........   75%         5    ###....
 Shadow Creatures         Summ           N/A          99%         6    #####..
 Chain Lightning          Conj/Air       ######....   85%         8    #######
 Spellforged Servitor     Conj/Summ      ######....   86%         7    ######.
 Necromutation            Tmut/Necr      ##........   100%        8    #######
 Fire Storm               Conj/Fire      #####.....   100%        9    #######
 Glaciate                 Conj/Ice       ######....   100%        9    #######
 Tornado                  Air            ######....   100%        9    #######


Dungeon Overview and Level Annotations

Branches:
Dungeon (15/15)            Temple (1/1) D:6            Lair (6/6) D:9
  Swamp (0/4) Lair:3        Snake (0/4) Lair:2        Slime (0/5) Lair:6
    Orc (2/2) D:10            Elf (0/3) Orc:2        Vaults (0/5) D:13
 Depths: D:15

Altars:
Ashenzari
Cheibriados
Dithmenos
Elyvilon
Fedhas
Gozag
Hepliaklqana
Kikubaaqudgha
Makhleb
Nemelex Xobeh
Okawaru
Qazlal
Ru
Sif Muna
Trog
Uskayaw
Vehumet
Wu Jian
Xom
Yredelemnul
Zin
The Shining One

Shops:
D:4 (   D:5 (   D:8 *   D:13 *   Orc:2 }[?!

Portals:
Pandemonium: Orc:2

Annotations:
D:1 exclusion: downstairs
D:2 exclusion: downstairs
D:3 exclusion: 2 downstairs
D:8 1 runed translucent door, Mrkan's ghost, novice GrFi
D:10 1 runed translucent door, bocha96's ghost, journeyman SpAs
D:13 exclusion: downstairs
D:14 exclusion: downstairs
Lair:1 exclusion: 2 downstairs
Lair:2 exclusion: 2 downstairs
Lair:3 exclusion: downstairs
Lair:4 exclusion: downstairs
Lair:5 exclusion: 2 downstairs


Innate Abilities, Weirdness & Mutations

You cannot wear most types of armour.
You are very stealthy in the water. (Stealth+)
You are amphibious.
You can wear up to eight rings at the same time.
You can use your tentacles to constrict eight enemies at once.
Your skin changes colour to match your surroundings (Stealth+).
Your rubbery body absorbs attacks. (AC +1, EV +1)
You are dopey. (Int -2)


Message History

* * * LOW HITPOINT WARNING * * *
You feel much better.
You are engulfed in dark miasma.
You are poisoned.
You feel your flesh rotting away!
You feel as though you will be slow longer.
You feel very sick. The death drake bites you.
* * * LOW HITPOINT WARNING * * *
The death drake bites you!
* * * LOW HITPOINT WARNING * * *
Okay, then.
Evoke which item? (* to show all) (? for menu, Esc to quit)
Aiming: Scattershot
Press: ? - help, Shift-Dir - straight line, f/p - death drake
Aim: a death drake shaped shifter (almost dead, catching its breath)
The burst of metal fragments hits the death drake.
The death drake is almost dead.
You are engulfed in dark miasma.
You are more poisoned.
You feel your flesh rotting away!
You feel ill.
You die...

#.. .# ###.. .#
....#####.#
#........#
#........#
#........#####
#.............
#....@k.......
#.............
#.............
#............#
..............#
.........#####.#
..........# #
#.#.......#
....... ..


You could see a death drake shaped shifter.

Vanquished Creatures
  Kirke (Lair:4)
  An ettin (D:15)
  Fannar (D:10)
  7 hydras
  A catoblepas (Lair:6)
  Harold (Lair:2)
  The ghost of DildoBatman the Tainter, a journeyman FoWz of Kikubaaqudgha (Orc:2)
  5 two-headed ogres
  3 centaur warriors (D:14)
  A death knight (D:13)
  2 dancing weapons (D:13)
  6 death yaks (Lair:6)
  2 tengu warriors (D:11)
  A deep troll shaman (Lair:6)
  8 orc high priests (Orc:2)
  A sun demon (Orc:2)
  4 skeletal warriors
  A gelid demonspawn (Orc:2)
  An unseen horror (D:12)
  A torturous demonspawn (Orc:2)
  6 orc knights (Orc:2)
  4 orc sorcerers (Orc:2)
  A wolf spider (D:14)
  A cyclops (D:13)
  5 ugly things (D:14)
  15 elephants
  3 black mambas
  An orange demon (Orc:2)
  2 gargoyles
  A smoke demon (Orc:1)
  5 spiny frogs
  A rime drake (Lair:6)
  A freezing wraith (D:13)
  8 komodo dragons
  6 trolls
  2 polar bears
  A hornet (D:9)
  16 blink frogs
  6 hippogriffs
  3 slime creatures (D:12)
  7 dream sheep (Lair:6)
  A water elemental (D:14)
  2 wraiths
  6 spriggans (Lair:5)
  A vampire (D:13)
  29 yaks
  2 wyverns
  A steam dragon (D:7)
  5 hogs
  3 basilisks
  A neqoxec (Orc:2)
  A human (D:8)
  A chaos spawn (Orc:2)
  Menkaure (D:7)
  2 hungry ghosts
  3 vampire mosquitoes
  3 acid dragons
  7 wargs
  15 water moccasins
  8 porcupines
  33 orc warriors
  A swamp drake (shapeshifter) (D:13)
  A swamp drake (D:10)
  2 necrophages
  3 ice beasts
  A sky beast (D:8)
  9 ogres
  4 phantoms
  3 black bears
  12 wolves
  8 centaurs
  9 crocodiles
  2 big kobolds
  13 bullfrogs
  A gnoll sergeant (D:10)
  2 wyvern skeletons
  2 scorpions
  13 killer bees
  3 wights (D:10)
  3 howler monkeys
  2 electric eels
  5 centaur zombies
  6 crimson imps
  A bullfrog zombie (D:8)
  3 quasits
  3 centaur skeletons
  2 bullfrog skeletons (D:7)
  7 hounds
  5 jellies
  A gnoll shaman (Orc:2)
  A human zombie (Ossuary)
  33 orc priests
  4 iguanas
  29 orc wizards
  9 worker ants
  A big kobold zombie (Ossuary)
  2 hound zombies (D:4)
  2 hound skeletons
  6 mummies (Ossuary)
  10 gnolls
  3 worker ant zombies
  A howler monkey skeleton (D:4)
  10 adders
  6 shadow imps
  An ooze (D:6)
  4 adder zombies
  2 adder skeletons (D:4)
  3 dart slugs
  2 leopard geckos
  111 orcs
  A ball python (D:4)
  8 bats
  4 giant cockroaches
  4 goblins
  10 hobgoblins
  3 jackals (D:4)
  7 quokkas
  2 ball python zombies (D:4)
  A frilled lizard (D:2)
  A giant cockroach zombie (D:4)
  A gnoll zombie (Ossuary)
  2 hobgoblin zombies (Ossuary)
  A jackal skeleton (D:4)
  15 kobolds
  A kobold zombie (Ossuary)
  2 orc zombies (Ossuary)
  2 quokka skeletons
  A quokka zombie (D:7)
  4 rats
  A fungus (Lair:5)
  4 plants (Lair:6)
711 creatures vanquished.

Vanquished Creatures (others)
  A wolf (Lair:2)
  An electric eel (Lair:3)
  30 fungi
  27 plants
  3 withered plants
62 creatures vanquished.

Grand Total: 773 creatures vanquished

Notes
Turn   | Place    | Note
-------+----------+-------------------------------------------
     0 | D:1      | Atelerd the Octopode Wizard began the quest for the Orb.
     0 | D:1      | Reached XP level 1. HP: 11/11 MP: 4/4
   532 | D:1      | Reached XP level 2. HP: 17/17 MP: 1/6
  1227 | D:2      | Reached skill level 2 in Conjurations
  1227 | D:2      | Reached XP level 3. HP: 4/21 MP: 1/7
  1233 | D:2      | Learned a level 3 spell: Mephitic Cloud
  1236 | D:2      | Learned a level 2 spell: Blink
  2038 | D:2      | Found a faded altar of an unknown god.
  2377 | D:2      | Reached XP level 4. HP: 25/27 MP: 9/9
  2462 | D:2      | Reached skill level 3 in Conjurations
  2622 | D:3      | Found a blossoming altar of Fedhas.
  2688 | D:3      | Noticed an ogre
  2851 | D:3      | Learned a level 3 spell: Conjure Flame
  2876 | D:3      | Reached XP level 5. HP: 31/31 MP: 4/10
  2962 | D:3      | Killed an ogre
  2962 | D:3      | Reached skill level 4 in Conjurations
  3223 | D:3      | Reached XP level 6. HP: 34/36 MP: 8/12
  3779 | D:4      | Noticed a phantom
  4155 | D:4      | Reached skill level 5 in Conjurations
  4261 | D:4      | Killed a phantom
  4434 | D:4      | Reached XP level 7. HP: 39/41 MP: 8/14
  4500 | D:4      | Reached skill level 6 in Conjurations
  4706 | D:4      | Found Rosi's Weapon Boutique.
  4808 | D:4      | Reached skill level 5 in Spellcasting
  5169 | D:5      | Entered Level 5 of the Dungeon
  5204 | D:5      | Reached skill level 1 in Fighting
  5765 | D:5      | Learned a level 2 spell: Ensorcelled Hibernation
  5769 | D:5      | Learned a level 3 spell: Confuse
  6013 | D:5      | Reached XP level 8. HP: 47/50 MP: 8/16
  6330 | D:5      | Reached skill level 7 in Conjurations
  6334 | D:5      | Reached skill level 1 in Hexes
  6464 | D:5      | Found Yskusuat's Antique Weapon Shoppe.
  7081 | D:6      | Found a shattered altar of Ashenzari.
  7225 | D:6      | Found a basalt altar of Yredelemnul.
  7438 | D:6      | Found a shimmering altar of Xom.
  7759 | D:6      | Reached XP level 9. HP: 47/56 MP: 14/17
  7763 | D:6      | Found a staircase to the Ecumenical Temple.
  7773 | Temple   | Entered the Ecumenical Temple
  7880 | Temple   | Became a worshipper of Sif Muna the Loreminder
  8167 | D:7      | Reached skill level 8 in Conjurations
  8201 | D:7      | Found a sand-covered staircase.
  8205 | Ossuary  | Entered an ossuary
  8999 | D:7      | Noticed Menkaure
  9000 | D:7      | Reached * piety under Sif Muna
  9584 | D:7      | Killed Menkaure
  9883 | D:8      | Reached skill level 5 in Hexes
 10248 | D:8      | Found Vegoll's Assorted Antiques.
 10259 | D:8      | Bought an encrusted marble ring for 135 gold pieces
 10259 | D:8      | Bought a glowing orange potion for 24 gold pieces
 10259 | D:8      | Bought a scroll labeled CIUDDAS BUPPU for 27 gold pieces
 10323 | D:8      | Reached skill level 9 in Conjurations
 10383 | D:8      | Reached ** piety under Sif Muna
 10550 | D:8      | Noticed a two-headed ogre
 10592 | D:8      | Killed a two-headed ogre
 10592 | D:8      | Reached XP level 10. HP: 29/63 MP: 11/20
 10661 | D:8      | Found a runed translucent door.
 10661 | D:8      | Noticed Mrkan's ghost (novice GrFi)
 10898 | D:8      | Reached skill level 10 in Conjurations
 11188 | D:9      | Noticed an elephant
 11189 | D:9      | Found a staircase to the Lair.
 11205 | D:9      | Killed an elephant
 11205 | D:9      | Reached *** piety under Sif Muna
 11710 | D:9      | Learned a level 7 spell: Orb of Destruction
 11862 | D:9      | Reached skill level 1 in Invocations
 12018 | D:9      | Reached XP level 11. HP: 61/70 MP: 22/22
 12078 | D:9      | Noticed a two-headed ogre
 12127 | D:9      | Killed a two-headed ogre
 12127 | D:9      | Reached skill level 11 in Conjurations
 12582 | D:9      | Reached skill level 5 in Fighting
 12592 | D:9      | Reached **** piety under Sif Muna
 12697 | D:9      | Found a glowing silver altar of Zin.
 12697 | D:9      | Found an ancient bone altar of Kikubaaqudgha.
 12701 | D:9      | Found a bloodstained altar of Trog.
 12701 | D:9      | Found a shadowy altar of Dithmenos.
 12798 | D:9      | Found a sacrificial altar of Ru.
 12881 | D:10     | Entered Level 10 of the Dungeon
 12939 | D:10     | Noticed Fannar
 12980 | D:10     | Killed Fannar
 13091 | D:10     | Found a runed translucent door.
 13092 | D:10     | Noticed an ogre mage
 13092 | D:10     | Noticed bocha96's ghost (journeyman SpAs)
 13931 | D:10     | Found a staircase to the Orcish Mines.
 13963 | D:10     | Reached skill level 12 in Conjurations
 14780 | D:11     | Noticed a tengu warrior
 14798 | D:11     | Killed a tengu warrior
 14798 | D:11     | Reached skill level 5 in Invocations
 14799 | D:11     | Noticed a tengu warrior
 14823 | D:11     | Killed a tengu warrior
 14823 | D:11     | Reached ***** piety under Sif Muna
 14823 | D:11     | Reached XP level 12. HP: 32/77 MP: 3/24
 15198 | Orc:1    | Entered Level 1 of the Orcish Mines
 15297 | Orc:2    | Entered Level 2 of the Orcish Mines
 15302 | Orc:2    | Found a runed translucent door.
 15332 | Orc:2    | Identified Ereshkigal's Incunabulum of Evil Attacks (Sif
                  | Muna gifted it to you on level 2 of the Orcish Mines)
 15332 | Orc:2    | Received a gift from Sif Muna
 15374 | Orc:2    | Reached skill level 1 in Shields
 15728 | Lair:1   | Entered Level 1 of the Lair of Beasts
 15851 | Lair:1   | Noticed a seven-headed hydra
 15861 | Lair:1   | Killed an eight-headed hydra
 17217 | Lair:2   | Reached skill level 13 in Conjurations
 18196 | Lair:2   | Learned a level 6 spell: Iron Shot
 18322 | Lair:2   | Reached skill level 1 in Earth Magic
 18652 | Lair:2   | Found a staircase to the Snake Pit.
 18716 | Lair:2   | Noticed Harold
 18738 | Lair:2   | Killed Harold
 20749 | Lair:3   | Found a staircase to the Swamp.
 21088 | Lair:3   | Reached XP level 13. HP: 67/81 MP: 4/26
 21138 | Lair:3   | Identified Sif Muna's Papyrus of Damaging Changing (Sif
                  | Muna gifted it to you on level 3 of the Lair of Beasts)
 21138 | Lair:3   | Received a gift from Sif Muna
 21540 | Lair:4   | Reached skill level 1 in Ice Magic
 21540 | Lair:4   | Reached skill level 1 in Air Magic
 21540 | Lair:4   | Reached skill level 5 in Earth Magic
 21772 | Lair:4   | Noticed Kirke
 21783 | Lair:4   | Killed Kirke
 21783 | Lair:4   | Reached skill level 10 in Spellcasting
 21783 | Lair:4   | Reached skill level 14 in Conjurations
 23569 | Lair:5   | Learned a level 6 spell: Freezing Cloud
 24609 | Lair:6   | Entered Level 6 of the Lair of Beasts
 24885 | Lair:6   | Reached skill level 5 in Ice Magic
 24885 | Lair:6   | Reached skill level 5 in Air Magic
 25335 | Orc:2    | Noticed DildoBatman's ghost (journeyman FoWz)
 25485 | Orc:2    | Found a staircase to the Elven Halls.
 26629 | Orc:1    | Identified Sif Muna's Guide on Destructive Moulding (Sif
                  | Muna gifted it to you on level 1 of the Orcish Mines)
 26629 | Orc:1    | Received a gift from Sif Muna
 26849 | Orc:2    | Found Pesu's Magic Scroll Shoppe.
 27503 | Orc:2    | Gained mutation: You are dopey. (Int -2) [a neqoxec]
 27877 | Orc:2    | Found Oraciq's Distillery.
 27886 | Orc:2    | Reached XP level 14. HP: 84/88 MP: 19/28
 28351 | Orc:2    | Bought a potion of heal wounds for 75 gold pieces
 28351 | Orc:2    | Bought a potion of curing for 45 gold pieces
 28351 | Orc:2    | Bought a potion of heal wounds for 75 gold pieces
 28351 | Orc:2    | Bought a potion of haste for 150 gold pieces
 30270 | Orc:2    | Identified Sif Muna's Handbook of Transmigration and the
                  | Voyage (Sif Muna gifted it to you on level 2 of the Orcish
                  | Mines)
 30270 | Orc:2    | Received a gift from Sif Muna
 30623 | Orc:2    | Found Etuisuh's Antique Armour Boutique.
 30623 | Orc:2    | Found Hentus's Gadget Shop.
 30624 | Orc:2    | Found a one-way gate leading to the halls of Pandemonium.
 31519 | Orc:2    | Bought a scroll of identify for 28 gold pieces
 31519 | Orc:2    | Bought a scroll of identify for 28 gold pieces
 31519 | Orc:2    | Bought a scroll of identify for 28 gold pieces
 31521 | Orc:2    | Bought 2 scrolls of identify for 56 gold pieces
 31521 | Orc:2    | Bought a scroll of identify for 28 gold pieces
 31696 | D:5      | Bought a faintly glowing scythe for 216 gold pieces
 31696 | D:5      | Identified the +5 scythe of Mayhem {elec, Int+8} (You
                  | bought it in a shop on level 5 of the Dungeon)
 31776 | D:8      | Bought an iridescent scythe for 216 gold pieces
 31776 | D:8      | Identified the +8 scythe of Sukheach {flame, rF+ Str+3}
                  | (You bought it in a shop on level 8 of the Dungeon)
 31884 | Orc:2    | Killed DildoBatman's ghost
 31896 | Orc:2    | Got a scorched shortbow
 31897 | Orc:2    | Identified the +9 shortbow of Vilutim {speed, +Inv} (You
                  | found it on level 2 of the Orcish Mines)
 32180 | D:5      | Bought a dazzling shortbow for 216 gold pieces
 32180 | D:5      | Identified the +6 shortbow of the Foot {speed, rElec Dex+5}
                  | (You bought it in a shop on level 5 of the Dungeon)
 33707 | D:13     | Found Lythrir's Assorted Antiques.
 33710 | D:13     | Bought a fizzy dark potion for 23 gold pieces
 35354 | Lair:6   | Reached XP level 15. HP: 92/92 MP: 30/30
 35496 | Lair:6   | Got a jewelled falchion
 35497 | Lair:6   | Identified the +9 falchion of Slow Death {protect, Stlth+}
                  | (You found it on level 6 of the Lair of Beasts)
 35522 | Lair:6   | Found a staircase to the Slime Pits.
 35934 | Lair:6   | Reached skill level 10 in Ice Magic
 36027 | Lair:6   | Reached skill level 10 in Air Magic
 36210 | Lair:6   | Identified Sif Muna's Incunabulum of Combat Magic (Sif Muna
                  | gifted it to you on level 6 of the Lair of Beasts)
 36210 | Lair:6   | Received a gift from Sif Muna
 38430 | D:13     | Found a gate to the Vaults.
 39328 | D:14     | Learned a level 5 spell: Fireball
 39517 | D:14     | Found a shadowy altar of Dithmenos.
 40118 | D:15     | Entered Level 15 of the Dungeon
 40165 | D:15     | Engulfed by a death drake (shapeshifter)'s foul pestilence

Skill      XL: |  1  2  3  4  5  6  7  8  9 10 11 12 13 14 15 |
---------------+----------------------------------------------+-----
Stealth        | 3 |  3.1
Conjurations   | 2 3 4 5 6 7 9 10 12 13 14 | 14.0
Spellcasting   | 4 5 6 7 8 9 10 11 12 | 12.0
Fighting       | 1 3 4 5 |  5.0
Hexes          | 3 6 8 |  8.0
Invocations    | 1 5 |  5.2
Shields        | 4 |  4.0
Earth Magic    | 4 5 |  5.0
Ice Magic      | 6 9 11 | 11.2
Air Magic      | 6 9 11 | 11.1
Dodging        | |  2.0
Summonings     | |  1.0
Translocations | |  1.0

Action                   |  1- 3 |  4- 6 |  7- 9 | 10-12 | 13-15 || total
-------------------------+-------+-------+-------+-------+-------++-------
Melee: Unarmed           |     1 |       |       |       |       ||     1
       Spear             |    22 |       |       |       |       ||    22
       Constrict         |     9 |    23 |    72 |    72 |    93 ||   269
       Dagger            |     2 |       |       |       |       ||     2
       Tentacles         |     4 |    12 |    46 |    55 |    70 ||   187
       Long sword        |     4 |    51 |       |       |       ||    55
       Falchion          |       |     3 |   274 |   333 |   380 ||   990
 Cast: Magic Dart        |    51 |    85 |   178 |   307 |    28 ||   649
       Mephitic Cloud    |     2 |     7 |    34 |    87 |    72 ||   202
       Conjure Flame     |       |     2 |    19 |    64 |     8 ||    93
       Confuse           |       |       |     8 |    67 |    62 ||   137
       Blink             |       |       |     3 |     2 |    16 ||    21
       Ensorcelled Hiber |       |       |     8 |    26 |     6 ||    40
       Orb of Destructio |       |       |       |     7 |    30 ||    37
       Iron Shot         |       |       |       |     4 |   241 ||   245
       Freezing Cloud    |       |       |       |       |    57 ||    57
Invok: Channel Magic     |       |       |       |     1 |    12 ||    13
       Divine Energy     |       |       |       |       |     6 ||     6
       Stop Divine Energ |       |       |       |       |     5 ||     5
       Forget Spell      |       |       |       |       |     2 ||     2
Evoke: Wand              |       |       |     6 |     8 |     2 ||    16
  Use: Potion            |       |       |     2 |     2 |     4 ||     8
       Scroll            |       |       |     5 |    16 |    16 ||    37
 Stab: Sleeping          |     7 |     7 |     7 |     9 |     6 ||    36
       Confused          |     1 |     3 |    10 |    32 |    20 ||    66
       Distracted        |       |       |     1 |       |     1 ||     2
  Eat: Chunk             |     3 |     8 |     9 |    28 |   108 ||   156
       Ration            |       |       |     3 |     4 |    25 ||    32
Armor: Skin              |     1 |     8 |    91 |    61 |    75 ||   236
Dodge: Dodged            |    15 |    53 |   225 |   217 |   245 ||   755
Block: Buckler           |       |       |       |    44 |   127 ||   171
       Rpst.: Long sword |     2 |    17 |       |       |       ||    19
       Falchion          |       |       |    59 |    59 |    62 ||   180
